 Dungeon Crawl Stone Soup version 0.21-a0-476-gd103f4b (webtiles) character file.

2568 tof the Slasher (level 9, -3/69 HPs)
             Began as a Demonspawn Berserker on Nov 22, 2017.
             Was an Elder of Trog.
             Slain by a worker ant (6 damage)
             ... on level 7 of the Dungeon.
             The game lasted 00:09:20 (6497 turns).

tof the Slasher (Demonspawn Berserker)              Turns: 6497, Time: 00:09:21

Health: -3/69      AC:  9    Str: 17    XL:     9   Next: 31%
Magic:  10/10      EV: 14    Int: 10    God:    Trog [****..]
Gold:   471        SH:  0    Dex: 15    Spells: 8/8 levels left

rFire    x . .     SeeInvis .   a - +2 scimitar (freeze) (curse)
rCold    + . .     Gourm    .   (no shield)
rNeg     . . .     Faith    .   r - +0 ring mail
rPois    .         Spirit   .   (helmet restricted)
rElec    .         Reflect  .   (no cloak)
rCorr    .         Harm     .   o - +0 pair of gloves
MR       .....                  (no boots)
Stlth    +++.......             (no amulet)
HPRegen  0.21/turn              j - ring of ice (curse)
MPRegen  0.12/turn              w - ring of stealth

@: no status effects
A: horns 1, molten scales 1, nightstalker 1
a: Berserk, Trog's Hand, Brothers in Arms, Burn Spellbooks, Renounce Religion


You were on level 7 of the Dungeon.
You worshipped Trog.
Trog was greatly pleased with you.
You were not hungry.

You visited 1 branch of the dungeon, and saw 7 of its levels.

You collected 471 gold pieces.

Inventory:

Hand Weapons
 a - a cursed +2 scimitar of freezing (weapon)
 y - a +0 blowgun
 H - a +0 falchion
Missiles
 B - 2 exploding tomahawks
 D - a throwing net (quivered)
Armour
 o - a +0 pair of gloves (worn)
 r - a +0 ring mail (worn)
Jewellery
 j - a cursed ring of ice (left hand)
 w - a ring of stealth (right hand)
Wands
 t - a wand of digging (13)
 u - a wand of polymorph (12)
 G - a wand of random effects (32)
Scrolls
 b - 2 scrolls of immolation {unknown}
 e - 2 scrolls of fog {unknown}
 g - a scroll of blinking {unknown}
 s - 11 scrolls of identify {unknown}
 v - 2 scrolls of amnesia {unknown}
 x - 3 scrolls of teleportation {unknown}
 E - a scroll of random uselessness {unknown}
Potions
 d - 2 potions of agility {unknown}
 f - 3 potions of haste {unknown}
 h - 3 potions of curing
 k - a potion of lignification {unknown}
 m - a potion of brilliance {unknown}
 n - 2 potions of degeneration {unknown}
 p - a potion of resistance {unknown}
 q - 2 potions of heal wounds {unknown}
 z - a potion of ambrosia {unknown}
 A - a potion of might {unknown}
 C - a potion of flight {unknown}
Books
 I - a book of Necromancy

   Spells                             Type                      Level
   a - Pain                           Necromancy                   1
   b - Animate Skeleton               Necromancy                   1
   c - Vampiric Draining              Necromancy                   3
   d - Regeneration                   Charms/Necromancy            3
   e - Animate Dead                   Necromancy                   4
   f - Control Undead                 Necromancy                   4
   Trog disapproves of the use of such an item.
Comestibles
 c - 14 bread rations
 i - 3 royal jellies
 l - 8 meat rations
 F - 2 fruits


   Skills:
 + Level 6.2 Fighting
 * Level 7.7 Long Blades
 + Level 5.3 Armour
 + Level 5.3 Dodging
 + Level 2.4 Evocations


You had 8 spell levels left.
You didn't know any spells.

Dungeon Overview and Level Annotations

Branches:
Dungeon (7/15)             Temple (0/1) D:5

Altars:
Ashenzari
Elyvilon
Gozag
Hepliaklqana
Kikubaaqudgha
Ru
Trog
Wu Jian
Yredelemnul


Innate Abilities, Weirdness & Mutations

You have a pair of small horns on your head.
You are partially covered in molten scales. (AC +2)
You are slightly more attuned to the shadows.


Message History

Something hits you but does no damage. The worker ant bites you.
* * * LOW HITPOINT WARNING * * *
Something hits you but does no damage. Something hits you but does no damage.
The worker ant bites you but does no damage.
Okay, then.
It was a potion of curing.
You feel better. Something hits you.
* * * LOW HITPOINT WARNING * * *
The worker ant misses you. The iguana bites you.
* * * LOW HITPOINT WARNING * * *
Something hits you.
* * * LOW HITPOINT WARNING * * *
The iguana closely misses you.
You riposte.
You hit the iguana.
The iguana seems to slow down.
You freeze the iguana.
The iguana is heavily wounded.
Something hits you but does no damage.
Something hits you but does no damage. x2
There is an escape hatch in the ceiling here.
Something hits you but does no damage. The worker ant bites you.
You die...

#.........#.##..# #.#.#####
#.........#)###.# #.#......
#######.........#.# #.###........
................#.###..####.#####
................#................
....)...........######..###.###..
........#####..## ##.###.# #.#
........# #..##### #..##.# #.#
........### #..#@..# ##.##'###.#
..........###..#.a.# #.........
.................l.# #.........
......$............# #.........
...................# #..(......
####...............# #.........
......#...............####..###.#
......#...######...##.# #.>....#
......#...# #...# # ########


You could see an iguana and a worker ant.

Vanquished Creatures
  A two-headed ogre (D:7)
  The ghost of kae the Ruffian, an amateur DrTm (D:4)
  A black bear (D:7)
  A phantom (D:5)
  3 eyes of draining (D:3)
  4 ogres
  2 centaurs
  2 bullfrogs (D:7)
  A scorpion (D:5)
  3 wights (D:7)
  A howler monkey (D:5)
  A crimson imp (D:5)
  2 bullfrog zombies
  A quasit (D:7)
  An orc priest (D:6)
  3 hounds
  2 jellies
  4 orc wizards (D:3)
  2 iguanas
  2 worker ants
  A hound skeleton (D:7)
  A worker ant zombie (D:5)
  3 gnolls (D:6)
  6 adders
  2 shadow imps
  2 oozes
  An adder skeleton (D:6)
  2 worms
  A dart slug (D:1)
  5 leopard geckos
  14 orcs
  3 bats
  6 giant cockroaches
  6 goblins
  2 hobgoblins
  8 jackals
  2 quokkas (D:5)
  2 frilled lizards
  2 gnoll zombies (D:6)
  7 kobolds
  A leopard gecko skeleton (D:5)
  A leopard gecko zombie (D:6)
  2 quokka skeletons
  6 rats
124 creatures vanquished.

Vanquished Creatures (others)
  A quokka (D:6)
1 creature vanquished.

Grand Total: 125 creatures vanquished

Notes
Turn   | Place    | Note
-------+----------+-------------------------------------------
     0 | D:1      | tof the Demonspawn Berserker began the quest for the Orb.
     0 | D:1      | Reached XP level 1. HP: 18/18 MP: 1/1
   393 | D:1      | Gained mutation: You are slightly more attuned to the shadows. [demonic ancestry]
   393 | D:1      | Reached XP level 2. HP: 23/24 MP: 2/2
   545 | D:1      | Reached skill level 3 in Long Blades
  1020 | D:2      | Found a hazy altar of Hepliaklqana.
  1231 | D:2      | Reached ** piety under Trog
  1285 | D:2      | Found an opulent altar of Gozag.
  1291 | D:2      | Gained mutation: You are partially covered in molten scales. (AC +2) [demonic ancestry]
  1291 | D:2      | Reached XP level 3. HP: 23/29 MP: 3/3
  1877 | D:3      | Found a sacrificial altar of Ru.
  1890 | D:3      | Gained mutation: You have a pair of small horns on your head. [demonic ancestry]
  1890 | D:3      | Reached XP level 4. HP: 31/35 MP: 4/4
  1970 | D:3      | Found an ancient bone altar of Kikubaaqudgha.
  2191 | D:3      | Reached XP level 5. HP: 16/42 MP: 5/5
  2194 | D:3      | Reached skill level 4 in Long Blades
  2706 | D:3      | Found a bloodstained altar of Trog.
  2873 | D:3      | Found a bloodstained altar of Trog.
  2873 | D:3      | Noticed an eye of draining
  2874 | D:3      | Noticed an eye of draining
  2874 | D:3      | Noticed an eye of draining
  2884 | D:3      | Killed an eye of draining
  2884 | D:3      | Reached XP level 6. HP: 48/48 MP: 0/6
  3021 | D:4      | Found a shattered altar of Ashenzari.
  3111 | D:4      | Reached *** piety under Trog
  3136 | D:4      | Noticed kae's ghost (amateur DrTm)
  3158 | D:4      | Killed kae's ghost
  3158 | D:4      | Reached skill level 5 in Long Blades
  3158 | D:4      | Reached XP level 7. HP: 55/55 MP: 7/7
  3318 | D:5      | Entered Level 5 of the Dungeon
  3587 | D:5      | Found a staircase to the Ecumenical Temple.
  3597 | D:5      | Reached skill level 5 in Fighting
  3644 | D:5      | Reached skill level 6 in Long Blades
  3644 | D:5      | Reached XP level 8. HP: 41/62 MP: 8/8
  4711 | D:6      | Found a white marble altar of Elyvilon.
  4843 | D:6      | Reached **** piety under Trog
  4850 | D:6      | Found a basalt altar of Yredelemnul.
  5158 | D:6      | Found an ornate altar of the Wu Jian Council.
  5715 | D:7      | Reached skill level 7 in Long Blades
  5797 | D:7      | Noticed a two-headed ogre
  6076 | D:7      | Reached skill level 1 in Evocations
  6128 | D:7      | Killed a two-headed ogre
  6128 | D:7      | Reached skill level 5 in Armour
  6128 | D:7      | Reached skill level 5 in Dodging
  6128 | D:7      | Reached XP level 9. HP: 69/69 MP: 8/10
  6490 | D:7      | HP: 2/69 [worker ant (4)]
  6497 | D:7      | Slain by a worker ant

Vault maps used:
D:1:      scummos_arrival_gate, kennysheep_another_room
D:2:      old_standard_altar, grunt_gozag_statues
D:3:      lemuel_coloured_pillars_altar, lemuel_crystal_altar,
          nicolae_ru_great_annihilating_truth, serial_park_tiny_2,
          trog_eyes_of_draining
D:4:      overflow_temple_1_default
D:5:      minmay_temple_entry_hall, first_bread
D:6:      elyvilon_altar_4, lemuel_zombie_altar_yredelemnul, lemuel_round_altar,
          kennysheep_generic_room_9
D:7:      grunt_ogre_cave

Skill      XL: |  1  2  3  4  5  6  7  8 |
---------------+-------------------------+-----
Long Blades    | 3 4 5 6 7 |  7.7
Armour         | 2 3 4 5 |  5.3
Dodging        | 2 3 4 5 |  5.3
Fighting       | 4 5 6 |  6.2
Evocations     | 2 |  2.4

Action                   |  1- 3 |  4- 6 |  7- 9 || total
-------------------------+-------+-------+-------++-------
Melee: Falchion          |    88 |    98 |   211 ||   397
       Headbutt          |       |    26 |    62 ||    88
       Scimitar          |       |       |    42 ||    42
Throw: Throwing net      |       |       |     1 ||     1
Invok: Berserk           |       |     3 |     3 ||     6
       Trog's Hand       |       |     2 |     2 ||     4
       Brothers in Arms  |       |       |     1 ||     1
  Use: Potion            |       |       |     1 ||     1
 Stab: Sleeping          |     3 |     2 |     7 ||    12
  Eat: Chunk             |     3 |     6 |    12 ||    21
       Bread ration      |       |       |     1 ||     1
Armor: Animal skin       |     9 |       |       ||     9
       Ring mail         |    27 |    45 |   107 ||   179
Dodge: Dodged            |    67 |    46 |   214 ||   327
       Rpst.: Falchion   |    26 |    16 |    56 ||    98
       Scimitar          |       |       |     8 ||     8

Table legend:
 A = Spawn XP
 B = Non-spawn XP
 C = Spawn XP percentage of total XP
 D = Spawn monster count
 E = Non-spawn monster count
 F = Spawn count percentage of total count
 G = Total turns spent on level
                    A         B        C        D         E        F      G
               +---------+---------+-------+---------+---------+-------+---------
         Total |       0 |    3669 |   0.0 |       0 |     124 |   0.0 |  6497
               +---------+---------+-------+---------+---------+-------+---------
           D:1 |       0 |      23 |   0.0 |       0 |      12 |   0.0 |   983
           D:2 |       0 |      49 |   0.0 |       0 |      11 |   0.0 |   833
           D:3 |       0 |     586 |   0.0 |       0 |      33 |   0.0 |  1202
           D:4 |       0 |     282 |   0.0 |       0 |       8 |   0.0 |   300
           D:5 |       0 |     657 |   0.0 |       0 |      15 |   0.0 |   784
           D:6 |       0 |     549 |   0.0 |       0 |      25 |   0.0 |  1396
           D:7 |       0 |    1523 |   0.0 |       0 |      20 |   0.0 |   999
               +---------+---------+-------+---------+---------+-------+---------
